 Dungeon Crawl Stone Soup version 0.30-a0-937-ga0a21ad780 (webtiles) character file.

Game seed: 4500082787422818409

259 bearlyready the Slasher (level 5, 0/44 HPs)
             Began as an Armataur Fighter on Mar 24, 2023.
             Succumbed to Edmund's poison
             ... on level 4 of the Dungeon.
             The game lasted 00:04:22 (2926 turns).

bearlyready the Slasher (Armataur Fighter)          Turns: 2926, Time: 00:04:22

Health: 0/44       AC: 16    Str: 20    XL:     5   Next: 94%
Magic:  5/5        EV:  7    Int: 13    God:
Gold:   114        SH:  4    Dex: 10    Spells: 4/4 levels left

rFire   . . .      SeeInvis .    a - +0 long sword
rCold   . . .      Faith    .    c - +0 buckler
rNeg    . . .      Spirit   .    b - +0 scale mail
rPois   .          Reflect  .    p - +0 helmet
rElec   .          Roll     +    (no cloak)
rCorr   .                        (no gloves)
Will    +....                    (no barding) Stlth
                                 (no amulet)
HPRegen 0.27/turn                f - +4 ring of protection
MPRegen 0.09/turn                q - +4 ring of protection

@: mighty, lethally poisoned (0 -> -2), hasted, very quick
A: large, rugged brown scales 3, deformed body, armoured tail, roll, long
tongue, awkward tongue, clever 1, deterioration 1, strong-willed 1
a: no special abilities


You were on level 4 of the Dungeon.
You visited 1 branch of the dungeon, and saw 4 of its levels.
You also visited: Sewer.

You collected 114 gold pieces.

Inventory:

Hand Weapons
 a - a +0 long sword (weapon)
 s - a +0 falchion
Armour
 b - a +0 scale mail (worn)
 c - a +0 buckler (worn)
 j - an orb of mayhem
 p - a +0 helmet (worn)
 r - a +0 buckler
Jewellery
 f - a +4 ring of protection (left hand)
 q - a +4 ring of protection (right hand)
Wands
 v - a wand of paralysis (7)
Scrolls
 e - a scroll of immolation {unknown}
 g - 3 scrolls of identify
 i - 2 scrolls of fear
 k - 3 scrolls of teleportation
Potions
 h - a potion of curing {unknown}
 l - a potion of ambrosia {unknown}
 m - a potion of mutation
 n - a potion of degeneration {unknown}
 o - 5 potions of haste
 t - a potion of attraction {unknown}
 u - a potion of heal wounds


   Skills:
 - Level 2.6 Fighting
 + Level 5.7 Long Blades
 - Level 3.6 Armour
 - Level 3.2 Shields


You had 4 spell levels left.
You didn't know any spells.
Your spell library contained the following spells:

 Spells                   Type           Power      Damage    Failure   Level
 Magic Dart               Conj           0%         1d3       71%         1
 Searing Ray              Conj           0%         2d4       85%         2
 Portal Projectile        Hex/Tloc       0%         N/A       97%         3
 Tukima's Dance           Hex            0%         N/A       97%         3
 Fulminant Prism          Conj/Hex       0%         3d5       100%        4
 Blade Hands              Tmut           0%         N/A       100%        5


Dungeon Overview and Level Annotations

Branches:
Dungeon (4/15)              Sewer (visited)
 Temple: D:4-7

Altars:
Kikubaaqudgha

Annotations:
D:3 3 runed translucent doors, 123deadman's ghost, weakling HuNe
D:4 Edmund


Innate Abilities, Weirdness & Mutations

You are completely covered in rugged brown scales. (AC +3, +7% HP)
Armour fits poorly on your strangely shaped body.
You have a long armoured tail.
You roll when moving toward enemies. (Rampage)
Your long tongue fully drains potion bottles. (2x potion effects)
Your tongue gives you trouble enunciating. (1.5x scroll delay)
Your mind is acute. (Int +4, Str/Dex -1)
Your body sometimes deteriorates upon taking damage.
You are strong-willed. (Will+)


Message History

You slurp down every last drop of the potion of might!
Edmund says, "Everyone always remembers my brother. 'Who's Edmund?' they ask!"
Edmund zaps a wand.
The bolt of light hits you but does no damage.
You closely miss Edmund.
Edmund zaps a wand.
The bolt of light misses you.
You slash Edmund!
Edmund is lightly wounded.
Edmund zaps a wand.
The bolt of light hits you.
You are confused.
Edmund attacks as you move away!
Edmund hits you with a +2 flail of venom.
You are poisoned.
You feel very sick.
You feel less confused.
You feel sick.
You hit Edmund. You tail-slap Edmund!
Edmund is heavily wounded.
You feel sick.
Edmund hits you with a +2 flail of venom.
Edmund zaps a wand.
The bolt of light hits you.
You hit Edmund.
Edmund is severely wounded.
You feel sick. Edmund closely misses you.
You slash Edmund!
Your tail-slap misses Edmund.
Edmund is almost dead.
You feel sick.
Edmund zaps a wand.
The bolt of light hits you!
* * * LOW HITPOINT WARNING * * *
You hit Edmund but do no damage.
Your tail-slap misses Edmund.
Edmund is almost dead.
* * * LOW HITPOINT WARNING * * *
You feel sick. Edmund barely misses you.
It was a potion of mutation.
You feel extremely strange.
You feel clever.
You feel yourself wasting away.
You feel strong-willed.
You slurp down every last drop of the potion of mutation!
* * * LOW HITPOINT WARNING * * *
You feel sick.
Edmund zaps a wand.
The bolt of light misses you.
Unknown command.
Unknown command.
You feel yourself speed up.
You slurp down every last drop of the potion of haste!
You die...

.#~~~~~~~#.....*,,,,,,,,,,,,,,,,_
..~~~÷~~~~.#.#*#......,,,,,,,,,,,
..~~~.~~~....###.....,,,,,,,,,>,,
..~~~~~~~..##.......#*,,,,,<,,,,,
.#~~~~~~~#.##.......#******,,,,,,
...~~~~~............# *,,,,,,
#..#~..#............# *,,,,,,
....................# *,,,,,,
#####...........@...# *,*,,,,
##..........@...# *,***,*
#....†.........#******,***,*
#.......#.#.####,,,,,,,,,,,*
#....###..#....#,,,,,,,,,,,* **
#.#..# #.#####........,,,,,* .*
###.#..# #.###*###......,,,,**
.**#...#..###...,***,......,,,,*
..##.###...##.#*,,.,,,.....,,,,*


You could see Edmund.

Vanquished Creatures
  A scorpion (D:4)
  Jessica (D:2)
  8 adders
  3 gnolls (D:4)
  A dart slug (D:1)
  5 bats
  6 endoplasms
  3 giant cockroaches
  3 goblins
  6 hobgoblins
  3 quokkas
  10 ball pythons
  4 frilled lizards
  12 kobolds
  15 rats
81 creatures vanquished.

Notes
Turn   | Place    | Note
-------+----------+-------------------------------------------
     0 | D:1      | bearlyready the Armataur Fighter began the quest for the
                  | Orb.
     0 | D:1      | Reached XP level 1. HP: 19/19 MP: 1/1
   146 | D:1      | Reached skill level 2 in Long Blades
   337 | D:1      | Reached XP level 2. HP: 26/26 MP: 2/2
   943 | D:2      | Reached skill level 3 in Long Blades
  1112 | D:2      | Found an ancient bone altar of Kikubaaqudgha.
  1113 | D:2      | Noticed Jessica
  1130 | D:2      | Killed Jessica
  1131 | D:2      | Reached XP level 3. HP: 13/32 MP: 3/3
  1351 | D:2      | Reached skill level 4 in Long Blades
  1351 | D:2      | Reached XP level 4. HP: 39/39 MP: 4/4
  1932 | D:3      | Found a runed translucent gate.
  1933 | D:3      | Found a runed translucent gate.
  1934 | D:3      | Found a runed translucent gate.
  1939 | D:3      | Noticed 123deadman's ghost (weakling HuNe)
  1939 | D:3      | Noticed a gnoll sergeant
  2494 | D:4      | Reached XP level 5. HP: 5/44 MP: 5/5
  2539 | D:4      | Reached skill level 5 in Long Blades
  2564 | D:4      | Found a glowing drain.
  2576 | Sewer    | Entered a sewer
  2905 | D:4      | Noticed Edmund
  2923 | D:4      | HP: 2/44 [Edmund/bolt of light (13)]
  2925 | D:4      | Gained mutation: Your mind is acute. (Int +4, Str/Dex -1)
                  | [potion of mutation]
  2925 | D:4      | Gained mutation: Your body sometimes deteriorates upon
                  | taking damage. [potion of mutation]
  2925 | D:4      | Gained mutation: You are strong-willed. (Will+) [potion of
                  | mutation]
  2926 | D:4      | Succumbed to Edmund's poison

Illustrated notes

Levels and vault maps discovered:
D:1:      dpeg_arrival_water_fire, layout_loops_ring
D:2:      minmay_skewed_foursquare, layout_loops_ring, basic_altar, uniq_jessica
D:3:      layout_loops_ring, gammafunk_ghost_split
D:4:      layout_rooms, mainiacjoe_overflow_tiny_flanked,
          cheibrodos_sewer_entry_drain, uniq_edmund

Skill      XL: |  1  2  3  4  5 |
---------------+----------------+-----
Long Blades    | 2 3 4 5 |  5.7
Fighting       | |  2.6
Armour         | |  3.6
Shields        | |  3.2

Action                     |  1- 3 |  4- 6 || total
---------------------------+-------+-------++-------
  Melee: Long sword        |    96 |   148 ||   244
         Tailslap          |    11 |     9 ||    20
    Use: Scroll            |       |     6 ||     6
         Potion            |       |     5 ||     5
 Armour: Scale mail        |    42 |    54 ||    96
  Dodge: Dodged            |    26 |    40 ||    66
  Block: Buckler           |    13 |    35 ||    48

Table legend: (Time is in decaauts)
 A = Elapsed time spent in this place.
 B = Non-inter-level travel time spent in this place.
 C = Inter-level travel time spent in this place.
 D = Time resting spent in this place.
 E = Time spent auto-exploring this place.
 F = Levels seen in this place.
 G = Mean time per level.
                   A        B        C        D        E       F      G
               +--------+--------+--------+--------+--------+-----+--------+
         Total |   2981 |   2887 |     94 |     13 |   2212 |   5 |  596.2 |
       Dungeon |   2675 |   2581 |     94 |     13 |   2028 |   4 |  668.8 |
         Sewer |    306 |    306 |      0 |      0 |    184 |   1 |  306.0 |
               +--------+--------+--------+--------+--------+-----+--------+

Top non-repeatable levels by time:
     D:2: 991 daAuts
     D:1: 838 daAuts
     D:3: 662 daAuts
   Sewer: 306 daAuts
     D:4: 183 daAuts
